Map: Dusk Towers

Players

blackxored

  • Race: Zerg Zerg
  • League: Diamond

Angel - Winner!

  • Race: Terran Terran
  • League: Gold

VOD

Have the link to the VOD?

Description

Time

  • Played on: June 19, 2016, 2:26 p.m.
  • Length: 19:12
Show
View Real Time Build Order
Export as new Build Order

blackxored Zerg 

Build Orders: Hatch First 

Get SALT Encoding   

  12  0:02  Drone  
  13  0:12  Drone  
  14  0:21  Overlord  
  14  0:27  Extractor  
  14  0:28  Drone  
  15  0:44  Drone x2  
  17  0:56  Drone  
  18  1:00  Hatchery  
  18  1:02  Drone  
  18  1:11  Extractor  
  18  1:17  Spawning Pool  
  16  1:18  Drone  
  16  1:22  Drone  
  18  1:29  Drone  
  19  1:40  Overlord  
  19  1:50  Drone  
  20  2:07  Zergling x2, Queen  
  23  2:12  Zergling x2  
  23  2:13  Queen  
  23  2:14  Zergling x2  
  27  2:16  Metabolic Boost  
  27  2:24  Drone  
  27  2:25  Drone  
  29  2:42  Drone x2  
  31  2:45  Hatchery  
  30  2:53  Extractor  
  30  2:56  Overlord  
  30  2:57  Drone x3  
  33  3:05  Overlord  
  33  3:09  Pneumatized Carapace  
  33  3:21  Roach Warren, Drone  
  33  3:23  Drone x3  
  33  3:26  Drone  
  37  3:28  Drone  
  38  3:37  Drone  
  38  3:40  Spine Crawler  
  38  3:43  Drone x2  
  38  3:45  Drone  
  40  3:51  Overlord  
  40  3:57  Queen  
  40  4:02  Roach x3  
  48  4:07  Lair  
  48  4:16  Roach  
  50  4:17  Roach  
  50  4:19  Drone x2  
  50  4:20  Extractor, Drone  
  50  4:21  Drone  
  50  4:24  Zergling x4  
  57  4:34  Spore Crawler  
  56  4:42  Overlord x2  
  56  4:46  Spore Crawler  
  56  4:49  Spore Crawler  
  56  4:50  Spore Crawler  
  53  5:00  Queen  
  53  5:06  Roach, Drone  
  58  5:07  Queen  
  58  5:09  Drone x4  
  61  5:24  Spore Crawler  
  61  5:26  Roach x2  
  61  5:27  Roach  
  66  5:31  Overseer  
  66  5:43  Overlord x4  
  66  6:01  Queen x2  
  66  6:02  Drone x3, Evolution Chamber  
  66  6:03  Evolution Chamber  
  71  6:05  Drone x6  
  71  6:08  Extractor  
  71  6:10  Extractor  
  75  6:20  Infestation Pit  
  75  6:24  Drone x5  
  75  6:25  Drone x2  
  81  6:26  Drone  
  81  6:39  Roach x5  
  85  7:03  Hive  
  85  7:05  Zerg Melee Weapons Level 1, Zerg Ground Armor Level 1  
  85  7:07  Drone  
  86  7:09  Drone  
  86  7:10  Drone x2  
  86  7:12  Drone x2  
  86  7:13  Drone x3  
  94  7:19  Ravager x2  
  96  7:29  Drone x2  
  98  7:31  Overlord x2  
  98  7:32  Overlord, Extractor  
  98  7:33  Extractor  
  96  7:38  Hatchery  
  96  7:41  Drone x3  
  98  7:45  Overlord x2  
  98  7:46  Overlord x2  
  98  7:51  Overlord  
  98  8:03  Infestor x3  
  104  8:09  Drone x4  
  104  8:11  Drone x3  
  111  8:24  Drone  
  111  8:27  Ultralisk Cavern, Roach x3  
  111  8:28  Roach x2  
  121  8:37  Ravager  
  121  8:38  Ravager  
  123  9:18  Roach x22  
  167  9:31  Chitinous Plating  
  162  9:46  Drone x6  
  168  10:02  Zerg Ground Armor Level 2, Zerg Melee Weapons Level 2  
  168  10:09  Overlord  
  168  10:10  Overlord x4  
  168  10:12  Extractor  
  167  10:17  Extractor  
  167  10:18  Drone x2  
  167  10:20  Hatchery  
  167  10:21  Drone  
  146  10:56  Ultralisk x2  
  146  10:57  Ultralisk x4  
  131  11:14  Ultralisk  
  131  11:16  Zergling x42  
  108  11:47  Zergling x2  
  108  11:48  Zergling x20  
  111  12:09  Ultralisk x5  
  141  12:18  Drone x8  
  138  12:36  Ultralisk  
  136  12:57  Ultralisk  
  142  13:08  Hatchery  
  141  13:14  Ultralisk, Drone  
  141  13:16  Zergling x20  
  158  13:33  Spire  
  157  13:36  Overseer  
  157  13:49  Drone x2  
  157  13:50  Drone  
  160  13:55  Drone x4  
  160  13:56  Drone x5  
  169  14:03  Adrenal Glands  
  169  14:16  Hatchery  
  168  14:28  Zergling x6  
  171  14:44  Spore Crawler  
  150  14:46  Spine Crawler x2  
  150  14:47  Spine Crawler  
  141  14:55  Ultralisk  
  141  14:56  Ultralisk  
  140  15:08  Corruptor  
  140  15:12  Extractor, Drone x3  
  140  15:13  Extractor, Drone x5  
  141  15:37  Corruptor x2  
  141  15:38  Corruptor x2  
  149  15:45  Zergling x4  
  149  15:46  Zergling x10  
  149  15:49  Extractor  
  155  15:52  Extractor  
  155  15:55  Corruptor x2  
  158  16:00  Drone  
  158  16:01  Drone  
  158  16:02  Drone  
  160  16:06  Drone  
  161  16:33  Ultralisk x2  
  161  16:34  Ultralisk  
  161  16:37  Infestor  
  161  16:38  Hatchery  
  180  17:04  Spore Crawler  
  180  17:05  Corruptor x2  
  180  17:07  Spore Crawler  
  180  17:08  Spore Crawler x2  
  180  17:10  Spore Crawler  
  180  17:13  Spore Crawler  
  180  17:15  Spore Crawler  
  169  17:17  Spore Crawler  
  169  17:18  Corruptor x2  
  154  17:50  Ultralisk x2  
  154  17:51  Ultralisk  
  100  18:01  Zergling x12  
  93  18:22  Zergling x6  
  93  18:23  Zergling x6  
  93  18:24  Zergling x2  
Show
View Real Time Build Order
Export as new Build Order

Angel Terran - Winner!

Build Orders: Reaper Expand, Bio Tank 

Get SALT Encoding   

  12  0:00  SCV  
  13  0:13  SCV  
  14  0:18  Supply Depot  
  14  0:25  SCV  
  15  0:39  SCV  
  15  0:41  Barracks  
  16  0:49  Refinery  
  16  0:51  SCV  
  17  1:05  SCV  
  18  1:17  SCV  
  19  1:30  Orbital Command  
  19  1:35  Reaper  
  20  1:51  Command Center  
  20  1:52  Supply Depot  
  20  1:55  SCV  
  20  2:00  Refinery  
  21  2:07  Marine  
  22  2:11  SCV  
  23  2:16  Factory  
  23  2:23  SCV  
  23  2:28  Marine  
  25  2:37  Barracks  
  25  2:54  SCV  
  25  2:55  Marine  
  26  3:02  Widow Mine  
  26  3:04  Starport  
  29  3:08  SCV  
  29  3:10  Orbital Command  
  29  3:19  Barracks Tech Lab  
  29  3:20  SCV  
  29  3:24  Marine  
  31  3:27  Supply Depot  
  31  3:32  SCV  
  31  3:33  Engineering Bay  
  32  3:35  Factory Tech Lab  
  32  3:38  Marine  
  32  3:40  SCV  
  34  3:48  Stimpack  
  34  3:52  Barracks Reactor  
  34  3:55  Siege Tank  
  37  3:56  Marine  
  37  4:00  Medivac  
  40  4:09  SCV x2  
  42  4:12  Refinery  
  42  4:17  Marine  
  42  4:21  SCV  
  42  4:22  SCV  
  45  4:30  Supply Depot  
  45  4:35  Marine  
  46  4:44  Marine x2  
  48  4:47  Siege Tank  
  48  4:49  Medivac  
  48  4:50  SCV  
  54  4:53  Marine  
  54  4:56  Command Center  
  54  4:57  Terran Infantry Weapons Level 1  
  55  5:00  SCV  
  55  5:02  Marine x2  
  58  5:11  Marine  
  59  5:20  Marine  
  59  5:23  Siege Tank  
  59  5:27  Supply Depot  
  62  5:32  Refinery  
  62  5:34  Supply Depot  
  62  5:43  Barracks  
  62  5:48  Marine x3  
  62  5:49  SCV x2  
  67  5:51  Medivac  
  67  5:56  Supply Depot, Siege Tank  
  72  6:01  SCV x2  
  72  6:07  Marine x3  
  75  6:13  SCV x2  
  77  6:19  Armory  
  78  6:25  SCV x2  
  78  6:30  Marine x3  
  78  6:31  Siege Tank  
  85  6:37  SCV  
  85  6:38  SCV  
  87  6:48  Marine  
  87  6:51  Terran Infantry Armor Level 1  
  81  7:00  Marine x2  
  75  7:03  Medivac, Siege Tank  
  75  7:04  Orbital Command  
  75  7:05  Marine  
  81  7:12  SCV x2  
  83  7:16  Supply Depot  
  83  7:19  Marauder  
  83  7:20  Barracks Tech Lab  
  85  7:26  SCV x2  
  85  7:27  Barracks  
  85  7:28  Barracks  
  87  7:30  Supply Depot, Engineering Bay  
  87  7:33  Marine x2  
  87  7:34  Supply Depot  
  89  7:37  SCV  
  89  7:38  SCV x2  
  89  7:39  Marine  
  89  7:42  Refinery, Siege Tank  
  96  7:44  Medivac  
  96  7:47  Terran Vehicle Weapons Level 1  
  96  7:49  SCV  
  96  7:50  SCV x2  
  96  7:51  Marine  
  101  7:52  Marine  
  101  7:53  Supply Depot  
  101  7:57  Marine, Combat Shields  
  99  8:06  SCV  
  99  8:07  SCV x2  
  99  8:09  Marine  
  99  8:12  Refinery  
  103  8:14  Siege Tank  
  106  8:20  Marine  
  106  8:24  Barracks Tech Lab x2  
  105  8:27  Marine x2  
  105  8:28  Marauder  
  105  8:29  SCV x3  
  112  8:38  Marine  
  113  8:41  Supply Depot, SCV x2  
  113  8:42  Supply Depot, SCV  
  113  8:45  Marine, Marauder  
  113  8:46  Starport Reactor  
  113  8:47  Siege Tank  
  113  8:48  Terran Infantry Armor Level 2, Terran Infantry Weapons Level 2  
  122  8:49  Marine  
  123  8:56  Marine, Marauder x2  
  128  9:04  Marine  
  128  9:06  Marine, SCV x3  
  128  9:07  Marauder  
  135  9:14  Marine  
  135  9:16  Concussive Shells  
  136  9:17  Marauder  
  136  9:18  SCV  
  136  9:23  Marine x2  
  141  9:24  Marine  
  141  9:26  Medivac x2  
  141  9:28  Siege Tank  
  149  9:37  Supply Depot  
  149  9:38  Supply Depot  
  149  9:39  Marine, SCV x2  
  149  9:40  SCV  
  149  9:43  Marauder  
  149  9:45  Marauder  
  148  9:46  Marauder  
  149  9:58  Marine x3, Barracks  
  149  9:59  Barracks, SCV x2, Liberator  
  154  10:01  Supply Depot, Barracks  
  154  10:02  Supply Depot  
  154  10:04  Marine  
  154  10:05  Marine, Liberator  
  156  10:13  Marine  
  157  10:15  Siege Tank  
  157  10:17  Marauder  
  157  10:20  Supply Depot  
  165  10:22  Marine  
  165  10:23  Marauder  
  165  10:25  Supply Depot  
  171  10:35  Command Center  
  171  10:39  Marine x3  
  171  10:40  Marine, Marauder  
  177  10:44  Marauder  
  177  10:47  Siege Tank  
  179  10:56  Marine  
  179  10:57  Marine  
  164  11:03  Marine x3  
  168  11:05  Marine  
  169  11:11  Liberator  
  169  11:12  Liberator  
  169  11:14  Marine  
  169  11:15  Marauder  
  170  11:20  Marine  
  170  11:21  Marauder  
  173  11:27  Marine x2  
  173  11:28  Siege Tank  
  173  11:30  SCV x3  
  173  11:32  Marine  
  188  11:36  Marauder  
  188  11:38  Barracks Reactor, Marine, Barracks Tech Lab x2  
  188  11:42  SCV x3  
  188  11:43  Marauder  
  174  11:54  Liberator x2  
  174  11:55  Marine  
  174  11:56  Marine x3, Marauder x2  
  174  11:58  Marauder  
  181  12:04  Marauder  
  181  12:13  Marine x2  
  181  12:14  Marine x3  
  191  12:15  Siege Tank  
  191  12:18  Marauder x2  
  189  12:36  Marine  
  189  12:37  Marine  
  179  12:42  Liberator x2  
  179  12:43  Marine x5, Marauder  
  179  12:44  Marauder x2  
  168  12:54  Marine x2  
  156  13:00  Marine  
  156  13:01  Marine, Marauder x2  
  156  13:02  Marauder  
  156  13:04  Marine x2  
  156  13:05  Marine  
  169  13:10  Planetary Fortress  
  169  13:11  Refinery  
  169  13:12  Marine  
  170  13:18  Marine x2  
  170  13:19  Marine  
  173  13:22  Marine  
  173  13:23  Marauder x5  
  184  13:42  Marine x2  
  184  13:43  Marine x3, Marauder  
  184  13:44  Marine, Marauder  
  200  13:54  Refinery  
  200  13:59  Medivac x2  
  198  14:04  Command Center  
  198  14:15  Starport  
  198  14:16  Command Center  
  198  14:29  Medivac  
  149  14:51  Marine x5, Marauder  
  149  14:52  Marine, Marauder x3  
  108  15:08  Marine x2  
  108  15:09  Marine x2  
  108  15:10  Marauder x2  
  108  15:13  Marine, Marauder x3  
  121  15:24  Siege Tank  
  121  15:26  Marine x2  
  121  15:27  Marine x2  
  128  15:31  Marauder x3  
  128  15:34  Marine x2  
  128  15:35  Marauder  
  138  15:39  Medivac x2  
  142  15:44  Marine x3, Barracks  
  142  15:45  Marine  
  146  15:52  Marine x2, Marauder x2  
  146  15:53  Marauder  
  146  15:55  Planetary Fortress  
  146  15:56  Marauder, Siege Tank  
  159  16:02  Marine x4  
  159  16:04  Terran Infantry Weapons Level 3, Terran Infantry Armor Level 3  
  163  16:09  Medivac x2  
  163  16:10  Marauder  
  163  16:11  Marauder  
  171  16:13  Marine x2  
  171  16:14  Marauder  
  171  16:18  Marauder  
  177  16:20  Marine  
  177  16:22  Marine x3  
  181  16:31  Marine, Marauder x2  
  181  16:32  Marauder  
  188  16:39  Medivac  
  190  17:11  Marine x6, Marauder  
  190  17:12  Marauder  
  158  17:51  Marine x3  
  158  17:52  Marine x3, Marauder x2  
  158  17:53  Marauder x2  
  143  18:07  Siege Tank  
  143  18:08  Medivac x2  
  143  18:09  Marine x3  
  143  18:10  Marine, Marauder  
  143  18:11  Marauder  
  155  18:13  Marine  
  155  18:14  Marine, Marauder x2  
  161  18:27  Marine x4  
  161  18:31  Marine  
  161  18:32  Marauder x3  
  172  18:38  Marine x2  
  172  18:39  Siege Tank  
  177  18:43  Orbital Command  
  177  18:50  Marauder  
Tags
 
Add a new tag
Caveats
  • Supply blocks, unpowered buildings, or Contaminate may cause inaccurate times.
  • Supply counts are checked every 10 seconds.